 Dungeon Crawl Stone Soup version 0.30-a0-800-g7c544603b3 (webtiles) character file.

Game seed: 18433741507388985616

137 avis the Chiller (level 4, 0/35 HPs)
             Began as a Demigod Ice Elementalist on Feb 21, 2023.
             Slain by Grinder (3 damage)
             ... on level 2 of the Dungeon.
             The game lasted 00:13:19 (1818 turns).

avis the Chiller (Demigod Ice Elementalist)         Turns: 1818, Time: 00:13:19

Health: 0/35       AC: 11    Str:  9    XL:     4   Next: 69%
Magic:  2/11       EV: 12    Int: 23    God:
Gold:   102        SH:  0    Dex: 23    Spells: 1/8 levels left

rFire   . . .      SeeInvis .    a - +0 dagger (venom)
rCold   . . .      Faith    .    (no shield)
rNeg    . . .      Spirit   .    x - +0 robe
rPois   .          Reflect  .    (no helmet)
rElec   .          Harm     .    o - +0 cloak
rCorr   +          Rampage  .    (no gloves)
Will    .....                    u - +0 pair of boots
Stlth   ++                       (no amulet)
HPRegen 0.25/turn                c - ring of resist corrosion
MPRegen 0.12/turn                v - ring "Coclilyi" {Int+6 Dex+5}

@: mighty, ice-armoured, freezing walls, flying, hasted, very quick
A: high MP 1, forlorn, divine attributes
a: no special abilities


You were on level 2 of the Dungeon.
You visited 1 branch of the dungeon, and saw 3 of its levels.

You collected 102 gold pieces.

Inventory:

Hand Weapons
 a - a +0 dagger of venom (weapon)
 e - a +0 dagger
 k - a +0 short sword
Missiles
 h - 2 boomerangs
Armour
 o - a +0 cloak (worn)
 p - a +0 crystal plate armour
 u - a +0 pair of boots (worn)
 x - a +0 robe (worn)
Jewellery
 c - a ring of resist corrosion (left hand)
 v - the ring "Coclilyi" (right hand) {Int+6 Dex+5}
   (You found it on level 2 of the Dungeon)

   [ring of intelligence]

   Int:       It affects your intelligence (+6).
   Dex:       It affects your dexterity (+5).
Scrolls
 d - a scroll of identify {unknown}
 g - a scroll of fear {unknown}
 j - a scroll of enchant armour {unknown}
 l - 3 scrolls of teleportation {unknown}
 n - a scroll of acquirement {unknown}
 s - 2 scrolls of fog {unknown}
 t - a scroll of amnesia {unknown}
 y - a scroll of poison {unknown}
Potions
 b - a potion of magic
 i - a potion of curing {unknown}
 m - a potion of berserk rage {unknown}
 q - a potion of might
 r - 2 potions of flight
 w - a potion of lignification {unknown}


   Skills:
 - Level 1.0 Fighting
 - Level 1.7 Dodging
 - Level 1.7 Stealth
 * Level 2.9 Spellcasting
 - Level 5.0 Ice Magic


You had one spell level left.
You knew the following spells:

 Your Spells              Type           Power      Damage    Failure   Level
a - Freeze                Ice            100%       1d10      1%          1
o - Ozocubu's Armour      Ice            26%        N/A       4%          3
r - Frozen Ramparts       Ice            52%        1d8       4%          3

Your spell library contained the following spells:

 Spells                   Type           Power      Damage    Failure   Level
 Summon Ice Beast         Ice/Summ       14%        N/A       38%         4
 Animate Dead             Necr           3%         N/A       75%         4
 Borgnjor's Vile Clutch   Necr/Erth      1%         N/A       97%         5
 Death Channel            Necr           1%         N/A       100%        6


Dungeon Overview and Level Annotations

Branches:
Dungeon (3/15)

Shops:
D:1 :

Annotations:
D:2 Grinder
D:3 Robin


Innate Abilities, Weirdness & Mutations

You have an increased reservoir of magic. (+10% MP)
You shall have no god before yourself.
Your divine heritage dramatically boosts your attributes as you level up.


Message History

The walls around you are covered in ice.
Grinder resists.
The wall freezes Grinder.
Grinder hits you.
* * * LOW HITPOINT WARNING * * *
You hit Grinder.
Grinder is moderately wounded.
Grinder completely resists.
The wall freezes Grinder but does no damage.
Grinder hits you.
* * * LOW HITPOINT WARNING * * *
You closely miss Grinder. You punch Grinder.
Grinder is moderately wounded.
Grinder completely resists.
The wall freezes Grinder but does no damage.
Grinder hits you but does no damage.
Casting: Frozen Ramparts (dangerous; 4% risk of failure)
Confirm with . or Enter, or press ? or * to list all spells.
Aiming: Freeze (safe; 1% risk of failure)
Press: ? - help, Shift-Dir - straight line, f - Grinder
Aim: Grinder (moderately wounded)
You freeze Grinder but do no damage.
Grinder completely resists.
The wall freezes Grinder but does no damage.
Grinder hits you.
* * * LOW HITPOINT WARNING * * *
You writhe in agony.
* * * LOW HITPOINT WARNING * * *
It was a potion of flight.
You feel very buoyant.
You fly up into the air.
Grinder completely resists.
The wall freezes Grinder but does no damage.
Grinder hits you but does no damage.
It was a potion of might.
You feel very mighty all of a sudden.
Grinder resists.
The wall freezes Grinder.
Grinder closely misses you.
It was a potion of haste.
You feel yourself speed up.
Grinder completely resists.
The wall freezes Grinder but does no damage.
Grinder hits you.
* * * LOW HITPOINT WARNING * * *
You writhe in agony.
You die...

####### ##..
#.....###...
#####.###.##..).
#.....# #.......
#.###.###.##....
###.###.....###...
#...........# ##..
#.#.##......# ###
#@#........#######
#5##...###.......#
#.##.#.# #.......#
#.##.#.# #.....).#
#......# #.<.....#
##.#.### #.......#
#...# #.##.#.##
##.######.##.#.#
#.##........#.#


You could see Grinder.

Vanquished Creatures
  An orc priest (D:3)
  An orc wizard (D:3)
  2 adders (D:2)
  A worm (D:2)
  3 dart slugs
  2 orcs
  6 ball pythons
  A bat (D:1)
  4 endoplasms
  5 giant cockroaches
  10 goblins
  4 hobgoblins
  A quokka (D:1)
  2 frilled lizards
  5 kobolds
  5 rats
53 creatures vanquished.

Notes
Turn   | Place    | Note
-------+----------+-------------------------------------------
     0 | D:1      | avis the Demigod Ice Elementalist began the quest for the
                  | Orb.
     0 | D:1      | Reached XP level 1. HP: 14/14 MP: 5/5
     8 | D:1      | Found Mibebada's Book Shoppe.
   156 | D:1      | Reached skill level 4 in Ice Magic
   236 | D:1      | Reached XP level 2. HP: 20/20 MP: 4/7
   890 | D:2      | Reached XP level 3. HP: 26/26 MP: 7/9
  1429 | D:2      | Identified the ring "Coclilyi" {Int+6 Dex+5}
  1596 | D:3      | Reached XP level 4. HP: 33/33 MP: 8/10
  1610 | D:2      | Reached skill level 5 in Ice Magic
  1644 | D:2      | Learned a level 3 spell: Frozen Ramparts
  1648 | D:2      | Learned a level 3 spell: Ozocubu's Armour
  1654 | D:3      | Reached skill level 1 in Fighting
  1659 | D:3      | Noticed Robin
  1745 | D:3      | Noticed Grinder
  1798 | D:2      | Paralysed by Grinder for 4 turns
  1818 | D:2      | Slain by Grinder

Illustrated notes

Levels and vault maps discovered:
D:1:      minmay_arrival_open_corners, layout_rooms, serial_shops, shop,
          minmay_misc_feat_pillars
D:2:      layout_loops_cross
D:3:      layout_loops_ring, amcnicky_altar_gilded, uniq_jessica, uniq_natasha,
          uniq_grinder, uniq_robin

Skill      XL: |  1  2  3  4 |
---------------+-------------+-----
Ice Magic      | 4 5 |  5.0
Spellcasting   | 2 |  2.9
Fighting       | 1 |  1.0
Dodging        | |  1.7
Stealth        | |  1.7

Action                     |  1- 3 |  4- 6 || total
---------------------------+-------+-------++-------
  Melee: Dagger            |     9 |    15 ||    24
         Punch             |       |     1 ||     1
   Cast: Freeze            |    66 |     5 ||    71
         Frozen Ramparts   |       |     4 ||     4
         Ozocubu's Armour  |       |     3 ||     3
    Use: Potion            |       |     3 ||     3
   Stab: Sleeping          |     6 |       ||     6
 Armour: Robe              |    11 |    13 ||    24
  Dodge: Dodged            |    33 |     9 ||    42

Table legend: (Time is in decaauts)
 A = Elapsed time spent in this place.
 B = Non-inter-level travel time spent in this place.
 C = Inter-level travel time spent in this place.
 D = Time resting spent in this place.
 E = Time spent auto-exploring this place.
 F = Levels seen in this place.
 G = Mean time per level.
                   A        B        C        D        E       F      G
               +--------+--------+--------+--------+--------+-----+--------+
         Total |   1819 |   1670 |    149 |    507 |    618 |   3 |  606.3 |
       Dungeon |   1819 |   1670 |    149 |    507 |    618 |   3 |  606.3 |
               +--------+--------+--------+--------+--------+-----+--------+

Top non-repeatable levels by time:
     D:2: 979 daAuts
     D:1: 772 daAuts
     D:3: 68 daAuts
